 Dungeon Sprint DCSS version 0.30.1-11-g7821555f0a (webtiles) character file.

Game seed: 7868240390348547860

0 rocky1 the Trooper (level 4, 39/39 HPs)
             Began as a Demonspawn Fighter on Nov 28, 2023.
             Was an Initiate of Gozag.
             Quit the game in the Dungeon (Sprint VI: "Thunderdome").
             The game lasted 00:01:17 (113 turns).

rocky1 the Trooper (Demonspawn Fighter)              Turns: 113, Time: 00:01:18

Health: 39/39      AC:  9    Str: 19    XL:     4   Next: 27%
Magic:  4/4        EV:  9    Int:  9    God:    Gozag
Gold:   299        SH:  9    Dex: 12    Spells: 3/3 levels left

rFire   . . .        a - +0 flail
rCold   . . .        c - +0 buckler
rNeg    . . .        b - +0 scale mail
rPois   .            (no helmet)
rElec   .            o - +1 cloak
rCorr   .            (no gloves)
SInv    .            (no boots)
Will    .....        (no amulet) Stlth
                     (no ring)
HPRegen 0.26/turn    (no ring)
MPRegen 0.09/turn

%: no teleportation
@: no status effects
A: condensation shield, weakness stinger 1
a: Renounce Religion, Potion Petition, Call Merchant, Bribe Branch


You were in the Dungeon.
You worshipped Gozag.
Gozag was aware of your devotion.
You visited 1 branch You collected 299 gold pieces.

Inventory:

Hand Weapons
 a - a +0 flail (weapon)
Armour
 b - a +0 scale mail (worn)
 c - a +0 buckler (worn)
 o - a +1 cloak (worn)
Wands
 l - a wand of light (3) (quivered)
 m - a wand of roots (5)
Scrolls
 j - 4 scrolls of blinking
 n - 3 scrolls of fog
Potions
 d - a potion of might
 e - a potion of curing
 f - 4 potions of heal wounds
 g - 4 potions of haste
 h - 2 potions of magic
 i - a potion of berserk rage
 k - a potion of resistance


   Skills:
 + Level 5.2 Fighting
 + Level 3.5 Maces & Flails
 + Level 4.8 Armour
 + Level 0.3 Dodging
 - Level 0.5 Stealth
 + Level 4.8 Shields


You had 3 spell levels left.
You didn't know any spells.
Your spell library was empty.

Dungeon Overview and Level Annotations

Branches:
Dungeon (1/1)

Altars:
Cheibriados
Dithmenos
Fedhas
Gozag
Kikubaaqudgha
Makhleb
Okawaru
Qazlal
Ru
Sif Muna
Trog
Uskayaw
Vehumet
Wu Jian
Xom
Yredelemnul
Lugonu

Shops:
D *[??*?*:[((!!!!


Innate Abilities, Weirdness & Mutations

A meltable shield of frost defends you. (SH +4)
You have a small tail.


Message History

The gnoll barely misses you.
You hit the gnoll.
The gnoll is almost dead.
The gnoll hits you with a +0 spear.
You barely miss the gnoll.
The gnoll is almost dead.
The gnoll closely misses you.
You closely miss the gnoll.
The gnoll is almost dead.
The gnoll hits you but does no damage. x2
You sock the gnoll!
You kill the gnoll!
Your Maces & Flails skill increases to level 3!
No target in view!
No target in view!
You now have 254 gold pieces (gained 54).
You see here a +0 spear.
A gnoll bouda comes into view. It is wielding a +0 whip.
The gnoll bouda shouts!
The gnoll bouda hits you with a +0 whip.
Aiming: Bolt of Light
Press: ? - help, Q - select action, (/) - cycle Shift-Dir - straight line, f - gnoll bouda
Aim: a gnoll bouda, wielding a +0 whip and wearing a +0 robe (75% to hit)
The bolt of light hits the gnoll bouda!
The gnoll bouda is severely wounded.
The gnoll bouda is blinded.
You block the gnoll bouda's attack.
You sock the gnoll bouda!
You kill the gnoll bouda!
Your Fighting skill increases to level 5!
You have reached level 4!
You feel stronger.
Your demonic ancestry asserts itself...
You grow a small tail.
You now have 299 gold pieces (gained 45).
Things that are here:
a +0 whip; a +0 robe A gnoll comes into view.
It is wielding a +0 flail. 50...
The gnoll shouts!
Are you sure you want to abandon this character and quit the game? (Confirm with "yes".)

##.....## ##∩.....∩##
#∩.......∩# #_......._#
#_......._# #_......._#
###.........###
#⌠...........⌠#
######.8..@......8.######
##..__......###......___∩##
#∩........8.# #.8...)....∩##
........g...###.............
.........###...###..........
.........# #.<.# #..........
.........###...###......)...
............###.............
#∩........8.# #.8........∩##


You could see a gnoll.

Vanquished Creatures
  Crazy Yiuf (D)
  A gnoll bouda (D)
  3 gnolls (D)
5 creatures vanquished.

Notes
Turn   | Place    | Note
-------+----------+-------------------------------------------
     0 | D        | rocky1 the Demonspawn Fighter began the quest for the Orb.
     0 | D        | Reached XP level 1. HP: 18/18 MP: 1/1
     4 | D        | Found a shimmering blue altar of Sif Muna.
     4 | D        | Found a shimmering altar of Xom.
     5 | D        | Found an ornate altar of the Wu Jian Council.
     5 | D        | Found a hide-covered altar of Uskayaw.
     5 | D        | Round 1.
     6 | D        | Found an iron altar of Okawaru.
     7 | D        | Found Niafe's Distillery.
     7 | D        | Found a basalt altar of Yredelemnul.
     7 | D        | Found Tirehaja's Do-It-Yourself Clinic.
     8 | D        | Found Pamyku's Distillery.
     8 | D        | Found Uhieg's Bottled Wisdom.
     9 | D        | Found a snail-covered altar of Cheibriados.
    10 | D        | Found Syerov's Staff Store.
    12 | D        | Found a corrupted altar of Lugonu.
    12 | D        | Found a sacrificial altar of Ru.
    12 | D        | Found Dovompynt's Magic Scroll Shop.
    13 | D        | Found Yvoyced's Must-Have Magic.
    13 | D        | Found Otuovahu's Magic Scroll Shop.
    17 | D        | Found a radiant altar of Vehumet.
    18 | D        | Found a shadowy altar of Dithmenos.
    22 | D        | Found a blossoming altar of Fedhas.
    22 | D        | Found Nurumn's Identification Station.
    26 | D        | Gained mutation: A meltable shield of frost defends you.
                  | (SH +4) [demonic ancestry]
    26 | D        | Reached XP level 2. HP: 12/25 MP: 2/2
    26 | D        | Found Oceol's Jewellery.
    26 | D        | Found Uwkof's Advanced Armour.
    29 | D        | Found a burning altar of Makhleb.
    30 | D        | Found a stormy altar of Qazlal.
    31 | D        | Found an ancient bone altar of Kikubaaqudgha.
    32 | D        | Found an opulent altar of Gozag.
    32 | D        | Found a bloodstained altar of Trog.
    32 | D        | Found Qiavarod's Premium Goods.
    32 | D        | Found Riaredwa's Weapon Rack.
    33 | D        | Found Yxyzef's Miscellaneous Merchandise.
    33 | D        | Found Mohev's Basic Armour.
    35 | D        | Noticed Crazy Yiuf
    45 | D        | Killed Crazy Yiuf
    46 | D        | Reached skill level 4 in Fighting
    46 | D        | Reached XP level 3. HP: 22/31 MP: 3/3
    66 | D        | Became a worshipper of Gozag Ym Sagoz the Greedy
    97 | D        | Reached skill level 5 in Fighting
    97 | D        | Gained mutation: You have a small tail. [demonic ancestry]
    97 | D        | Reached XP level 4. HP: 36/39 MP: 4/4
   113 | D        | Quit the game

Illustrated notes

Levels and vault maps discovered:
D:        arena_sprint

Skill      XL: |  1  2  3 |
---------------+----------+-----
Maces & Flails | 2 3 |  3.5
Armour         | 3 4 |  4.8
Shields        | 3 4 |  4.8
Fighting       | 4 5 |  5.2
Dodging        | |  0.3
Stealth        | |  0.5

Action                     |  1- 3 |  4- 6 || total
---------------------------+-------+-------++-------
  Melee: Flail             |    19 |       ||    19
  Evoke: Wand              |     2 |       ||     2
   Stab: Invisible         |     1 |       ||     1
 Armour: Scale mail        |     6 |       ||     6
  Dodge: Dodged            |     6 |       ||     6
  Block: Buckler           |     6 |       ||     6
